 Dungeon Crawl Stone Soup version 0.25-a0-589-g1e14c549ee (webtiles) character file.

Game seed: 6814781426674925650, levelgen mode: deterministic

119 Delarado the Ruffian (level 5, -1/36 HPs)
             Began as an Octopode Fighter on Mar 11, 2020.
             Slain by an ogre
             ... wielding a +0 giant spiked club
              (7 damage)
             ... on level 3 of the Dungeon.
             The game lasted 00:05:22 (2245 turns).

Delarado the Ruffian (Octopode Fighter)             Turns: 2245, Time: 00:05:22

Health: -1/36      AC:  1    Str: 16    XL:     5   Next: 3%
Magic:  5/5        EV: 11    Int: 11    God:
Gold:   132        SH:  8    Dex: 11    Spells: 4/4 levels left

rFire    . . .     SeeInvis .     - Unarmed
rCold    . . .     Gourm    .   a - +0 kite shield
rNeg     . . .     Faith    .   (helmet restricted)
rPois    .         Spirit   .   (no amulet)
rElec    .         Reflect  .   (no ring)
rCorr    .         Harm     .   (no ring)
MR       .....                  (no ring)
Stlth    ++........             (no ring)
HPRegen  0.12/turn              (no ring)
MPRegen  0.09/turn              (no ring)
                                (no ring)
                                (no ring)

@: mighty
A: almost no armour, stealthy swim, amphibious, 8 rings, constrict 8, camouflage
1, gelatinous body 1
a: no special abilities


You were on level 3 of the Dungeon.
You were not hungry.

You visited 1 branch of the dungeon, and saw 3 of its levels.

You collected 132 gold pieces.

Inventory:

Hand Weapons
 f - a +1 whip of venom
Missiles
 e - 35 stones (quivered)
Armour
 a - a +0 kite shield (worn)
Jewellery
 k - an uncursed amulet of faith
Scrolls
 d - a scroll of remove curse
 l - a scroll of identify
Potions
 b - a potion of might
 h - a potion of haste {unknown}
 i - 2 potions of brilliance {unknown}
 n - a potion of curing {unknown}
 o - a potion of invisibility {unknown}
Comestibles
 c - 4 rations
 m - a chunk of flesh


   Skills:
 - Level 3.0 Fighting
 - Level 3.0 Dodging
 - Level 3.0 Shields
 + Level 5.0 Unarmed Combat


You had 4 spell levels left.
You didn't know any spells.
Your spell library was empty.

Dungeon Overview and Level Annotations

Branches:
Dungeon (3/15)

Altars:
Xom


Innate Abilities, Weirdness & Mutations

You cannot wear most types of armour.
You are very stealthy in the water. (Stealth+)
You are amphibious.
You can wear up to eight rings at the same time.
You can use your tentacles to constrict eight enemies at once.
Your skin changes colour to match your surroundings (Stealth+).
Your rubbery body absorbs attacks. (AC +1, EV +1)


Message History

Your Unarmed Combat skill increases to level 5!
You have reached level 5!
You feel clever.
The ogre shouts!
Things that are here:
a +0 scale mail; an orc corpse The orc barely misses you.
You see here a +0 flail.
You tentacle-slap the orc. Your grab misses the orc.
The orc is heavily wounded.
You block the orc's attack.
You bludgeon the orc!
You kill the orc!
The ogre closely misses you.
You bludgeon the ogre!
The ogre is moderately wounded.
The ogre barely misses you.
You closely miss the ogre.
The ogre is moderately wounded.
The ogre hits you with a +0 giant spiked club!
You die...

**,*,,,,***
*,,,,,,,,,,,,,,,,*
,,,,,*,,,,**
**,,,,,,,$.,,,,,,*
,********,,*
******,,.#*****,*
** **,*** ###
*,§°# *,* * *,,,*
#.# *,§°# *,* *
***.#*#.# *§○§#
*,* *
*..*#.#####...#
*,* **
*#.*#[.......#*
*,* ,*
#.*#@......## *,*
,* #.##)O.....#
*,* ,*
#.#..(###### *,*
.* #.[...#### *,*
.* ###..#....# *,*
.* #...#####.###
*,* .## ##.###
#...## *,* ..#
####..##
###..##### *,*
..######.....o#
##...=.# *,*


You could see an ogre.

Vanquished Creatures
  An orc priest (D:3)
  4 adders
  An ooze (D:1)
  A dart slug (D:3)
  A leopard gecko (D:1)
  3 orcs (D:3)
  7 bats
  A giant cockroach (D:1)
  5 goblins (D:1)
  8 hobgoblins
  3 ball pythons
  3 frilled lizards
  2 kobolds
  4 rats (D:1)
44 creatures vanquished.

Notes
Turn   | Place    | Note
-------+----------+-------------------------------------------
     0 | D:1      | Delarado the Octopode Fighter began the quest for the Orb.
     0 | D:1      | Reached XP level 1. HP: 16/16 MP: 1/1
   187 | D:1      | Reached XP level 2. HP: 8/21 MP: 2/2
   461 | D:1      | Reached skill level 3 in Unarmed Combat
   528 | D:1      | Reached XP level 3. HP: 25/26 MP: 3/3
  1232 | D:2      | Reached skill level 4 in Unarmed Combat
  1238 | D:2      | Reached XP level 4. HP: 20/31 MP: 4/4
  1726 | D:2      | Found a shimmering altar of Xom.
  1809 | D:2      | Found a shimmering altar of Xom.
  1810 | D:2      | Found a shimmering altar of Xom.
  1810 | D:2      | Found a shimmering altar of Xom.
  1810 | D:2      | Found a shimmering altar of Xom.
  1811 | D:2      | Found a shimmering altar of Xom.
  2213 | D:3      | Noticed an ogre
  2238 | D:3      | Reached skill level 5 in Unarmed Combat
  2238 | D:3      | Reached XP level 5. HP: 5/36 MP: 5/5
  2245 | D:3      | Slain by an ogre

Levels and vault maps discovered:
D:1:      minmay_arrival_three_doors, layout_basic,
          hangedman_abyss_or_decor_lesser_grid, hangedman_decor_peaks_small,
          kennysheep_flooded_box, dk_noncrumbling_4
D:2:      layout_loops_corners, lemuel_round_altar, xom_redecorated
D:3:      layout_rooms, gammafunk_temple_overflow_arena, grunt_ministairs_12,
          st_stairs_11, lemuel_flame_loot_1

Skill      XL: |  1  2  3  4 |
---------------+-------------+-----
Unarmed Combat | 3 4 5 |  5.0
Fighting       | |  3.0
Dodging        | |  3.0
Shields        | |  3.0

Action                   |  1- 3 |  4- 6 || total
-------------------------+-------+-------++-------
Melee: Unarmed           |    71 |    26 ||    97
       Constrict         |    19 |     8 ||    27
       Tentacles         |     9 |     8 ||    17
       Punch             |     1 |     1 ||     2
Throw: Stone             |    12 |     9 ||    21
  Use: Scroll            |       |     3 ||     3
       Potion            |       |     1 ||     1
 Stab: Sleeping          |     3 |       ||     3
  Eat: Chunk             |     1 |     3 ||     4
Armor: Skin              |     9 |       ||     9
Dodge: Dodged            |    22 |    13 ||    35
Block: Kite shield       |    29 |     9 ||    38

Table legend:
 A = Non-vault XP
 B = Vault XP
 C = Vault XP percentage of total XP
 D = Non-vault monster count
 E = Vault monster count
 F = Vault count percentage of total count
                 A         B        C        D         E       F
            +---------+---------+-------+---------+---------+-------
      Total |     166 |       5 |   2.9 |      42 |       2 |   4.5
            +---------+---------+-------+---------+---------+-------
        D:1 |      55 |       0 |   0.0 |      29 |       0 |   0.0
        D:2 |      44 |       0 |   0.0 |       6 |       0 |   0.0
        D:3 |      67 |       5 |   6.9 |       7 |       2 |  22.2
            +---------+---------+-------+---------+---------+-------
